 Dungeon Crawl Stone Soup version 0.21.1-1-g345015f (webtiles) character file.

218 LairdRich the Sneak (level 5, -1/24 HPs)
             Began as a Spriggan Enchanter on June 22, 2018.
             Was an Initiate of Dithmenos.
             Slain by a phantom (9 damage)
             ... on level 4 of the Dungeon.
             The game lasted 00:26:53 (6827 turns).

LairdRich the Sneak (Spriggan Enchanter)            Turns: 6827, Time: 00:26:54

Health: -1/24      AC:  4    Str:  4    XL:     5   Next: 63%
Magic:  10/10      EV: 20    Int: 21    God:    Dithmenos [......]
Gold:   146        SH:  0    Dex: 16    Spells: 4/9 levels left

rFire    . . .     SeeInvis +   i - +1 short sword (venom)
rCold    . . .     Gourm    .   (shield restricted)
rNeg     . . .     Faith    .   b - +0 robe
rPois    .         Spirit   .   (helmet restricted)
rElec    .         Reflect  .   s - +1 cloak
rCorr    .         Harm     .   (gloves unavailable)
MR       .....                  (boots unavailable)
Stlth    ++++......             (no amulet)
HPRegen  0.08/turn              p - +3 ring of intelligence
MPRegen  0.12/turn              (no ring)

@: very quick
A: very small, unfitting armour, see invisible, herbivore, speed 3, slow
metabolism 2
a: Renounce Religion


You were on level 4 of the Dungeon.
You worshipped Dithmenos.
Dithmenos was noncommittal.
You were not hungry.

You visited 2 branches of the dungeon, and saw 5 of its levels.

You collected 146 gold pieces.

Inventory:

Hand Weapons
 a - a +1 dagger
 i - a +1 short sword of venom (weapon)
Armour
 b - a +0 robe (worn)
 s - a +1 cloak (worn)
Jewellery
 p - a +3 ring of intelligence (left hand)
Scrolls
 d - a scroll of amnesia
 f - a scroll of identify
 g - 2 scrolls of teleportation
 h - a scroll of remove curse
Potions
 k - 3 potions of curing {unknown}
 m - a potion of degeneration {unknown}
 t - a potion of haste {unknown}
 u - 2 potions of berserk rage {unknown}
Books
 c - a book of Maledictions

   Spells                             Type                      Level
   a - Corona                         Hexes                        1
   b - Ensorcelled Hibernation        Hexes/Ice                    2
   c - Confuse                        Hexes                        3
   d - Tukima's Dance                 Hexes                        3
   e - Dazzling Spray                 Conjuration/Hexes            3
 l - a book of Minor Magic

   Spells                             Type                      Level
   a - Magic Dart                     Conjuration                  1
   b - Blink                          Translocation                2
   c - Call Imp                       Summoning                    2
   d - Slow                           Hexes                        2
   e - Conjure Flame                  Conjuration/Fire             3
   f - Mephitic Cloud                 Conjuration/Poison/Air       3
 r - a book of Maledictions

   Spells                             Type                      Level
   a - Corona                         Hexes                        1
   b - Ensorcelled Hibernation        Hexes/Ice                    2
   c - Confuse                        Hexes                        3
   d - Tukima's Dance                 Hexes                        3
   e - Dazzling Spray                 Conjuration/Hexes            3
Comestibles
 e - 4 rations


   Skills:
 - Level 1.1 Short Blades
 + Level 4.6 Dodging
 * Level 7.0 Stealth
 - Level 2.7 Spellcasting
 * Level 5.6 Hexes


You had 4 spell levels left.
You knew the following spells:

 Your Spells              Type           Power        Failure   Level  Hunger
b - Confuse               Hex            ####....     4%          3    ###....
c - Ensorcelled Hibernat  Hex/Ice        ##....       6%          2    ##.....


Dungeon Overview and Level Annotations

Branches:
Dungeon (4/15)             Temple (1/1) D:4

Altars:
Ashenzari
Cheibriados
Dithmenos
Elyvilon
Fedhas
Gozag
Hepliaklqana
Kikubaaqudgha
Makhleb
Nemelex Xobeh
Qazlal
Ru
Sif Muna
Trog
Uskayaw
Wu Jian
Xom
Yredelemnul
Zin
The Shining One

Shops:
D:4 }


Innate Abilities, Weirdness & Mutations

You are very small and have problems with some larger weapons.
You are too small for most types of armour.
You have supernaturally acute eyesight. (SInv)
You are a herbivore.
You cover ground extremely quickly.
You need consume almost no food.


Message History

You closely miss the phantom.
The phantom is almost destroyed.
The phantom blinks!
The phantom blinks!
You hit the phantom but do no damage.
The phantom is almost destroyed.
The phantom closely misses you.
You barely miss the phantom.
The phantom is almost destroyed.
The phantom blinks!
The phantom blinks!
The phantom blinks!
The phantom hits you.
You closely miss the phantom.
The phantom is almost destroyed.
The phantom misses you.
You hit the phantom but do no damage.
The phantom is almost destroyed.
The phantom hits you!
You die...

***,**,*,*#.* #....##,.* ****,*,
,,,,,,,,,##.####.....#..* *,*,
,,*,<,,,,...........∩...## *,**
,,,,,,,,,...........##...#****,,,
,,*,**,#.##.#..#....##...#*,*****
,,,,,,,..##...?..........#*,#,***
,,,,**,#.####.##.#..##...#*.#,,,,
,,,,*#,#.# #............##.#,***
,,,,*#.#.# ####@#..##......#,***
,,,,*#.#.# #W...........#,*,,
..,,*#...#######....##......#.*,*
....##........................,,,
.........<####†......#...##.#.,,,
#.#####.### #.#..............,,,
#.# #.#****#.##...........#.,,,
#.# #..,,,,.................,,,
#l### #...,,................#.,,*


You could see a phantom.

Vanquished Creatures
  Terence (D:2)
  7 gnolls
  5 adders
  An ooze (D:2)
  3 worms
  2 leopard geckos
  3 orcs (D:3)
  8 bats
  7 giant cockroaches
  4 goblins
  8 hobgoblins
  3 jackals (D:1)
  4 kobolds
  2 frilled lizards
  10 rats
68 creatures vanquished.

Notes
Turn   | Place    | Note
-------+----------+-------------------------------------------
     0 | D:1      | LairdRich the Spriggan Enchanter began the quest for the Orb.
     0 | D:1      | Reached XP level 1. HP: 9/9 MP: 5/5
   300 | D:1      | Reached XP level 2. HP: 13/13 MP: 6/6
   544 | D:1      | Reached skill level 5 in Stealth
  1952 | D:1      | Reached XP level 3. HP: 16/16 MP: 8/8
  2117 | D:1      | Learned a level 3 spell: Confuse
  2120 | D:1      | Learned a level 2 spell: Ensorcelled Hibernation
  2422 | D:2      | Reached XP level 4. HP: 21/21 MP: 4/9
  2540 | D:2      | Reached skill level 6 in Stealth
  2895 | D:2      | Found an ornate altar of the Wu Jian Council.
  2906 | D:2      | Noticed Terence
  2925 | D:2      | Killed Terence
  2925 | D:2      | Reached skill level 5 in Hexes
  3137 | D:2      | Reached XP level 5. HP: 19/24 MP: 2/10
  3612 | D:2      | Found a sacrificial altar of Ru.
  3612 | D:2      | Found a hazy altar of Hepliaklqana.
  3613 | D:2      | Found a blossoming altar of Fedhas.
  4936 | D:3      | Noticed a phantom
  5226 | D:3      | Reached skill level 7 in Stealth
  5720 | D:4      | Noticed a phantom
  5958 | D:4      | Found a staircase to the Ecumenical Temple.
  5963 | Temple   | Entered the Ecumenical Temple
  6368 | Temple   | Became a worshipper of Dithmenos the Shadowed
  6773 | D:4      | Found Dicasaga's Gadget Shop.
  6827 | D:4      | Slain by a phantom

Skill      XL: |  1  2  3  4  5 |
---------------+----------------+-----
Hexes          | 4 5 |  5.6
Stealth        | 5 6 7 |  7.0
Dodging        | 4 |  4.6
Short Blades   | |  1.1
Spellcasting   | |  2.7

Action                   |  1- 3 |  4- 6 || total
-------------------------+-------+-------++-------
Melee: Dagger            |   139 |       ||   139
       Short sword       |     9 |    94 ||   103
 Cast: Corona            |    17 |       ||    17
       Ensorcelled Hiber |     6 |    61 ||    67
       Confuse           |       |    11 ||    11
  Use: Scroll            |       |     8 ||     8
 Stab: Sleeping          |    17 |    32 ||    49
       Confused          |       |     5 ||     5
  Eat: Ration            |       |     4 ||     4
Armor: Robe              |    24 |     3 ||    27
Dodge: Dodged            |   168 |    71 ||   239
